AoeStats
← _vishi_

Nomad

509416283Analyzed
4v4 RM · 6d ago on Sep 26, 2026· 42m 8s· 8 players
Game mode
Random Map
Map size
231×231
Population
200
Speed
Normal
Resources
Standard
Victory
Conquest
Starting age
Dark Age
Ending age
Imperial Age
RankedLock teamsTeams togetherTeam positionsShared explorationLock speedFull tech treeHidden civsTurbo modeCheats
Victory
Defeat
🇩🇪 Vietnamese · Germany
1372
+13
🇮🇹 Spanish · Italy
1353
+13
🇮🇳 Italians · India
1349
+14
🇷🇺 Berbers · Russia
1217
+20
🇦🇷 Saxons · Argentina
1339
-17
🇦🇷 Varangians · Argentina
1290
-15
🇨🇳 Spanish · China
1276
-14
🇫🇷 Mongols · France
1271
-14
Sahraoui
6:18 Loom
13:16 Feudal Age
19:21 Castle Age
23:23 Fletching
27:10 Bodkin Arrow
仙逆许木
13:54 Feudal Age
13:07 Loom
17:42 Castle Age
15:48 Double-Bit Axe
19:10 Padded Archer Armor
20:37 Leather Archer Armor
21:58 Horse Collar
24:04 Wheelbarrow
23:57 Town Watch
30:39 Bow Saw
30:32 Heavy Plow
34:08 Fletching
38:20 Imperial Age
38:45 Bodkin Arrow
38:26 Capped Ram
40:11 Conscription
39:53 Bracer
40:23 Ring Archer Armor
40:34 Husbandry
40:45 Bloodlines
41:48 Elite Conquistador
LordofSun
13:53 Feudal Age
18:36 Castle Age
16:25 Double-Bit Axe
16:41 Gold Mining
17:59 Fletching
18:09 Padded Archer Armor
18:32 Loom
19:28 Bodkin Arrow
22:01 Bow Saw
21:37 Horse Collar
24:18 Fishing Lines
25:25 Wheelbarrow
24:36 Town Watch
25:23 Gillnets
26:00 Heavy Plow
27:33 Hand Cart
27:18 Town Patrol
28:09 Ballistics
28:57 Squires
28:58 Scale Mail Armor
30:01 Town Patrol
34:43 Imperial Age
33:11 Arson
33:38 Forging
34:07 Gambesons
35:45 Chain Mail Armor
35:09 Capped Ram
37:07 Conscription
37:37 Iron Casting
36:57 Siege Ram
39:04 Scale Barding Armor
40:20 Plate Mail Armor
40:40 Padded Archer Armor
40:41 Bracer
40:11 Elite Skirmisher
41:13 Elite Varangian Guard
DGHIR | Miloss
7:09 Loom
13:57 Feudal Age
15:26 Town Watch
16:33 Fletching
17:33 Wheelbarrow
18:00 Double-Bit Axe
26:56 Castle Age
24:47 Horse Collar
26:09 Gold Mining
27:34 Bodkin Arrow
27:56 Hand Cart
32:50 Ballistics
32:20 Guard Tower
33:21 Murder Holes
33:36 Masonry
34:04 Scale Mail Armor
38:24 Gold Shaft Mining
37:40 Stone Mining
38:09 Masonry
37:39 Treadmill Crane
44:00 Imperial Age
44:48 Imperial Age
42:35 Bow Saw
Shenk
3:38 Loom
12:43 Feudal Age
16:55 Castle Age
17:51 Double-Bit Axe
24:01 Horse Collar
32:09 Wheelbarrow
37:49 Imperial Age
36:31 Padded Archer Armor
39:03 Bloodlines
40:49 Light Cavalry
42:41 Conscription
HeO_3km
3:51 Loom
14:46 Feudal Age
20:24 Castle Age
18:36 Double-Bit Axe
19:07 Horse Collar
21:45 Bloodlines
21:49 Town Watch
25:34 Wheelbarrow
25:13 Gold Mining
26:31 Fletching
27:57 Hand Cart
28:41 Stone Mining
29:27 Scale Barding Armor
_vishi_
5:26 Loom
13:18 Feudal Age
14:41 Double-Bit Axe
19:28 Castle Age
19:46 Wheelbarrow
20:25 Medium Warships
20:30 Bow Saw
21:18 Horse Collar
25:38 Heavy Plow
30:39 Imperial Age
28:32 Fletching
28:42 Padded Archer Armor
29:29 Ballistics
30:02 Bodkin Arrow
32:01 Bracer
33:03 Chemistry
34:01 Leather Archer Armor
34:41 Elite Genoese Crossbowman
36:56 Hand Cart
37:38 Ring Archer Armor
37:16 Thumb Ring
38:07 Gold Mining
38:08 Stone Mining
Tsunade
5:16 Loom
14:21 Feudal Age
15:50 Double-Bit Axe
18:21 Castle Age
16:59 Horse Collar
19:00 Town Watch
20:05 Bow Saw
19:57 Heavy Plow
22:38 Wheelbarrow
22:15 Fletching
26:46 Hand Cart
30:50 Gold Mining
36:31 Imperial Age
34:52 Bodkin Arrow
36:38 Ballistics
36:29 Masonry
36:21 Padded Archer Armor
36:51 Elite Rattan Archer
38:42 Hoardings
38:29 Bracer
39:36 Chemistry
39:47 Thumb Ring
41:04 Leather Archer Armor
41:52 Two-Man Saw
42:15 Town Patrol
43:01 Paper Money
Connection lost

Rejoining the realm…

Still unreachable

The connection could not be restored.

Session expired

The server has moved on; the page needs a fresh start.